 Dungeon Crawl Stone Soup version 0.28-b1-70-g80dc712255 (webtiles) character file.

Game seed: 11931937464432263502

861 crazypyro the Poker (level 7, -8/55 HPs)
             Began as a Demonspawn Fighter on Feb 3, 2022.
             Killed by divine providence
             ... invoked by an orc priest
              (12 damage)
             ... on level 5 of the Dungeon.
             The game lasted 00:06:20 (4608 turns).

crazypyro the Poker (Demonspawn Fighter)            Turns: 4608, Time: 00:06:20

Health: -8/55      AC: 21    Str: 25    XL:     7   Next: 71%
Magic:  13/13      EV: 11    Int:  9    God:
Gold:   145        SH:  9    Dex: 12    Spells: 14/14 levels left

rFire   . . .      SeeInvis .   a - +0 trident
rCold   . . .      Faith    .   c - +0 buckler
rNeg    . . .      Spirit   .   l - +1 ring mail {rPois}
rPois   +          Reflect  .   (no helmet)
rElec   .          Harm     .   (no cloak)
rCorr   .          Rampage  .   s - +2 pair of gloves
Will    .....                   e - +0 pair of boots
Stlth   +.........              (no amulet)
HPRegen 0.18/turn               g - +6 ring of strength
MPRegen 0.13/turn               (no ring)

@: mighty, sanguine armoured, studying Spellcasting
A: icemail 1, sanguine armour 1, condensation shield, demonic touch 1
a: no special abilities


You were on level 5 of the Dungeon.
You visited 1 branch of the dungeon, and saw 5 of its levels.

You collected 145 gold pieces.

Inventory:

Hand Weapons
 a - a +0 trident (weapon)
 i - a +2 rapier of electrocution
Armour
 b - a +0 scale mail
 c - a +0 buckler (worn)
 e - a +0 pair of boots (worn)
 l - a +1 ring mail of poison resistance (worn)
 s - a +2 pair of gloves (worn)
Jewellery
 g - a +6 ring of strength (left hand)
Wands
 j - a wand of iceblast (10)
 o - a wand of digging (5)
 r - a wand of polymorph (7)
Scrolls
 f - a scroll of fear {unknown}
 h - a scroll of enchant weapon {unknown}
 m - a scroll of identify {unknown}
 p - a scroll of magic mapping {unknown}
 q - 3 scrolls of fog {unknown}
 v - a scroll of amnesia {unknown}
Potions
 d - a potion of might
 k - 3 potions of curing {unknown}
 n - a potion of lignification {unknown}
 t - a potion of attraction {unknown}
 u - a potion of mutation {unknown}


   Skills:
 - Level 4.4 Fighting
 * Level 4.6 Polearms
 + Level 4.2 Armour
 + Level 1.9 Dodging
 + Level 4.2 Shields
 - Level 4.0 Spellcasting


You had 14 spell levels left.
You didn't know any spells.
Your spell library was empty.

Dungeon Overview and Level Annotations

Branches:
Dungeon (5/15)
 Temple: D:4-7

Altars:

Annotations:
D:5 Eustachio


Innate Abilities, Weirdness & Mutations

A meltable icy envelope protects you from harm. (AC +4)
When seriously injured, your blood forms armour. (AC +6)
A meltable shield of frost defends you. (SH +4)
Your touch may inflict minor irresistible damage on your foes.


Message History

You block the white imp's attack.
The orc priest miscasts a cantrip.
You puncture the white imp!
You kill the white imp!
The howler monkey hoots and howls with incredible vigour!
You closely miss the orc. The orc completely misses you.
You hit the orc but do no damage. The orc closely misses you.
The howler monkey hoots and howls with incredible vigour!
The orc hits you with a +1 flail of protection.
* * * LOW HITPOINT WARNING * * *
You hit the orc but do no damage. The orc completely misses you.
Okay, then.
Sorry, you're not good enough to have a special ability.
You feel very mighty all of a sudden. You block the orc's attack.
You puncture the orc!
You kill the orc!
Eustachio casts a spell.
You barely miss the orc priest.
The howler monkey hoots and howls with incredible vigour!
The orc priest barely misses you.
You hear an angry hiss.
You barely miss the orc priest. The orc priest barely misses you.
The crimson imp puffs mist at you.
You hit the orc priest but do no damage.
The howler monkey hoots and howls with incredible vigour!
You block the orc priest's attack.
You hit the orc priest.
The orc priest is lightly wounded.
The orc priest hits you but does no damage.
You closely miss the orc priest.
The orc priest is lightly wounded.
The orc priest invokes the aid of Beogh against you.
Beogh smites you!
* * * LOW HITPOINT WARNING * * *
You hit the orc priest but do no damage.
The orc priest is lightly wounded.
The orc priest mumbles some strange prayers to Beogh against you.
Beogh smites you!
You die...

.# #........##.#
#.......##.. .
........##.# ...
#........##.# #.#
#.##.###..#.# #@.#
#....####...### .#
###..#####.#.# #.
#.....###...### ..#
#@###..##.#...## . #..###
#o# ##......#..### ..
#....###o#######..###....
...
#.....Jho...............
..o.
..#..#5o#######..####...
.$...#####..l## #..# ####
........##..## #..#
...........## #...
...........#### ....


You could see a howler monkey, an iguana, a jelly, an orc priest, an orc wizard,
a crimson imp (summoned) and 2 orcs.

Vanquished Creatures
  A black bear (D:3)
  An ice beast (D:3)
  2 centaurs (D:4)
  5 killer bees (D:4)
  A hound (D:3)
  An iguana (D:4)
  3 gnolls (D:4)
  9 adders
  A white imp (D:5)
  A worm (D:3)
  4 dart slugs
  4 orcs
  6 ball pythons
  5 endoplasms
  3 giant cockroaches
  13 goblins
  10 hobgoblins
  17 jackals
  2 quokkas
  4 bats
  3 frilled lizards
  9 kobolds
  3 rats
108 creatures vanquished.

Notes
Turn   | Place    | Note
-------+----------+-------------------------------------------
     0 | D:1      | crazypyro the Demonspawn Fighter began the quest for the
                  | Orb.
     0 | D:1      | Reached XP level 1. HP: 18/18 MP: 1/1
   183 | D:1      | Gained mutation: When seriously injured, your blood forms
                  | armour. (AC +6) [demonic ancestry]
   183 | D:1      | Reached XP level 2. HP: 24/24 MP: 2/2
   443 | D:1      | Gained mutation: A meltable shield of frost defends you.
                  | (SH +4) [demonic ancestry]
   443 | D:1      | Reached XP level 3. HP: 26/29 MP: 3/3
   845 | D:1      | Found a faded altar of an unknown god.
  1352 | D:2      | Reached XP level 4. HP: 27/35 MP: 4/4
  2035 | D:3      | Noticed an ice beast
  2044 | D:3      | Killed an ice beast
  2045 | D:3      | Gained mutation: A meltable icy envelope protects you from
                  | harm. (AC +4) [demonic ancestry]
  2045 | D:3      | Reached XP level 5. HP: 35/42 MP: 5/5
  2551 | D:3      | Noticed a black bear
  2557 | D:3      | Killed a black bear
  2558 | D:3      | Gained mutation: Your touch may inflict minor irresistible
                  | damage on your foes. [demonic ancestry]
  2558 | D:3      | Reached XP level 6. HP: 38/49 MP: 6/6
  2852 | D:4      | Reached skill level 1 in Dodging
  2852 | D:4      | Reached XP level 7. HP: 16/55 MP: 7/7
  3297 | D:4      | Reached skill level 1 in Spellcasting
  3702 | D:5      | Entered Level 5 of the Dungeon
  3728 | D:5      | Noticed Eustachio
  4608 | D:5      | Killed from afar by an orc priest

Illustrated notes

Levels and vault maps discovered:
D:1:      sevenhm_arrival_forest_fort_large_4, layout_rooms,
          shapermc_ecumenical_altar_flowoftime, grunt_decor_mini_mirrors,
          minmay_tall_x
D:2:      layout_basic, minmay_statues_item, chequers_serial_rivers_micro_b
D:3:      minmay_evil_eye, layout_basic
D:4:      layout_rooms, chequers_arboretum, minmay_manual_mares
D:5:      layout_rooms, uniq_grinder, uniq_eustachio

Skill      XL: |  1  2  3  4  5  6  7 |
---------------+----------------------+-----
Polearms       | 2 3 4 |  4.6
Shields        | 3 4 |  4.2
Armour         | 3 4 |  4.2
Fighting       | 4 |  4.4
Dodging        | 1 |  1.9
Spellcasting   | 4 |  4.0

Action                   |  1- 3 |  4- 6 |  7- 9 || total
-------------------------+-------+-------+-------++-------
Melee: Trident           |   154 |   169 |   157 ||   480
  Use: Potion            |     3 |       |     1 ||     4
       Scroll            |     2 |       |       ||     2
Armor: Scale mail        |    69 |    24 |       ||    93
       Ring mail         |       |    79 |   103 ||   182
Dodge: Dodged            |    62 |   100 |    96 ||   258
Block: Buckler           |    47 |    67 |   101 ||   215
